 Dungeon Crawl Stone Soup version 0.31-a0-221-gbddc013574 (webtiles) character file.

Game seed: 17131038605432911526

112 qw the Chopper (level 4, -3/28 HPs)
             Began as a Gargoyle Fighter on July 3, 2023.
             Slain by a gnoll
             ... wielding a +0 flail
              (4 damage)
             ... on level 3 of the Dungeon.
             The game lasted 00:01:00 (1287 turns).

qw the Chopper (Gargoyle Fighter)                   Turns: 1287, Time: 00:01:00

Health: -3/28      AC: 16    Str: 22    XL:     4   Next: 95%
Magic:  4/4        EV:  3    Int:  8    God:
Gold:   114        SH:  0    Dex:  9    Spells: 3/3 levels left

rFire   . . .        Y - +0 war axe
rCold   . . .        c - +0 buckler
rNeg    + . .        e - +0 plate armour
rPois   inf          (no helmet)
rElec   +            (no cloak)
rCorr   .            f - +0 pair of gloves
SInv    .            (no boots)
Will    .....        (no amulet) Stlth
                     (no ring)
HPRegen 0.24/turn    (no ring)
MPRegen 0.09/turn

%: no passive effects
@: about to teleport, held
A: sickness immunity, AC +3, negative energy resistance 1, electricity
resistance, torment resistance 1, petrification resistance
a: no special abilities


You were on level 3 of the Dungeon.
You visited 1 branch of the dungeon, and saw 3 of its levels.

You collected 114 gold pieces.


Innate Abilities, Weirdness & Mutations

You are immune to sickness and miasma.
Your stone body is resilient. (AC +3)
You are immune to poison.
You resist negative energy. (rN+)
You are resistant to electric shocks. (rElec)
You are resistant to unholy torment.
You are immune to petrification.


   Skills:
 - Level 3.2 Fighting
 + Level 4.5 Axes
 - Level 3.2 Armour
 - Level 3.2 Shields


You had 3 spell levels left.
You didn't know any spells.
Your spell library was empty.

Inventory:

Hand Weapons
 b - a +0 mace
 Y - a +0 war axe (weapon)
Armour
 c - a +0 buckler (worn)
 e - a +0 plate armour (worn)
 f - a +0 pair of gloves (worn)
Scrolls
 i - 2 scrolls of identify
Potions
 d - 3 potions of might

Dungeon Overview and Level Annotations

Branches:
Dungeon (3/15)

Altars:


Message History

The gnoll hits you but does no damage. The adder barely misses you.
The goblin hits you with a +0 club.
You rip the net and break free!
The gnoll hits you but does no damage. The adder bites you but does no damage.
The goblin hits you with a +0 club.
You barely miss the goblin.
The goblin is almost dead.
You closely miss the adder. The adder bites you but does no damage.
The gnoll barely misses you. The goblin hits you but does no damage.
You block the adder's attack. The gnoll hits you but does no damage.
You hit the goblin.
You kill the goblin!
You hit the adder but do no damage. The adder completely misses you.
The gnoll hits you but does no damage. The adder bites you but does no damage.
You slash the adder!
You kill the adder!
You block the gnoll's attack.
You barely miss the gnoll.
The gnoll hits you from afar with a +0 spear.
The gnoll hits you but does no damage.
You barely miss the gnoll.
The gnoll hits you from afar with a +0 spear.
The gnoll hits you but does no damage. x2; The gnoll throws a throwing net.
The throwing net hits you.
You become entangled in the net!
The gnoll completely misses you. The gnoll hits you but does no damage.
You struggle against the net.
The gnoll hits you from afar with a +0 spear.
The gnoll barely misses you. The gnoll hits you with a +0 flail.
You struggle against the net.
The gnoll barely misses you.
The gnoll hits you from afar with a +0 spear.
The gnoll hits you with a +0 flail.
1287 ||| READING scroll of teleportation.
As you read the scroll of teleportation, it crumbles to dust.
You feel strangely unstable.
The gnoll hits you from afar with a +0 spear. x2
The gnoll hits you with a +0 flail.
You die...

.. #.#
#...######. .#
#.#.....#
...#.###..#
...###.# ..
..## ##.# .
##..# #...#
##>#.# #.@#.#
.......g).....#
........gg.....
.............<.
$..............
..?............
...............
.#....?........


You could see 3 gnolls.

Vanquished Creatures
  3 adders
  2 gnolls
  2 worms (D:1)
  A dart slug (D:1)
  9 ball pythons
  6 endoplasms
  2 giant cockroaches (D:2)
  7 goblins
  3 hobgoblins
  2 jackals (D:1)
  2 quokkas
  8 bats
  A frilled lizard (D:3)
  3 kobolds
  9 rats
60 creatures vanquished.

Notes
Turn   | Place    | Note
-------+----------+-------------------------------------------
     0 | D:1      | qw the Gargoyle Fighter began the quest for the Orb.
     0 | D:1      | Reached XP level 1. HP: 14/14 MP: 1/1
     0 | D:1      | 0 ||| qw: Version: 0.3-a-40-ge99b1a8
     0 | D:1      | 0 ||| qw: Game counter: 583
     0 | D:1      | 0 ||| qw: Melee chars always use a shield: true
     0 | D:1      | 0 ||| qw: God list: Okawaru
     0 | D:1      | 0 ||| qw: Allow faded altars: false
     0 | D:1      | 0 ||| qw: Do Orc after clearing Dungeon:15 true
     0 | D:1      | 0 ||| qw: Do second Lair branch before Depths: true
     0 | D:1      | 0 ||| qw: Lair rune preference: random
     0 | D:1      | 0 ||| qw: Goals: Normal, Zot:1-4, Slime:5, God:TSO, Crypt,
                  | Tomb, Abyss, Pan, Hells, Win
     0 | D:1      | 0 ||| PLANNING D:1-11
     5 | D:1      | 5 ||| UPGRADING to +0 plate armour.
    17 | D:1      | 17 ||| UPGRADING to +0 plate armour.
    27 | D:1      | 27 ||| DROPPING +0 scale mail.
    64 | D:1      | Reached skill level 2 in Axes
   104 | D:1      | Reached XP level 2. HP: 19/19 MP: 2/2
   197 | D:1      | 197 ||| Stepping ~*~*~tactically~*~*~ (stealth).
   212 | D:1      | Reached skill level 3 in Axes
   212 | D:1      | Reached XP level 3. HP: 12/23 MP: 3/3
   238 | D:1      | 238 ||| Stepping ~*~*~tactically~*~*~ (stealth).
   257 | D:1      | 257 ||| Stepping ~*~*~tactically~*~*~ (stealth).
   281 | D:1      | 281 ||| Stepping ~*~*~tactically~*~*~ (stealth).
   282 | D:1      | 282 ||| Stepping ~*~*~tactically~*~*~ (stealth).
   286 | D:1      | 286 ||| Stepping ~*~*~tactically~*~*~ (stealth).
   468 | D:1      | 468 ||| READING 2 scrolls labelled CYAF NUHIHE.
   469 | D:1      | 469 ||| READING scroll labelled LEDGHAED OSEST.
   470 | D:1      | 470 ||| READING scroll labelled KOCUHESEQO.
   475 | D:1      | 475 ||| READING 2 scrolls labelled JOYNOCRIQU.
   476 | D:1      | 476 ||| DROPPING scroll of amnesia.
   494 | D:2      | 494 ||| STAIRDANCE
   564 | D:2      | 564 ||| Stepping ~*~*~tactically~*~*~ (stealth).
   568 | D:2      | 568 ||| Stepping ~*~*~tactically~*~*~ (stealth).
   573 | D:2      | 573 ||| Stepping ~*~*~tactically~*~*~ (stealth).
   576 | D:2      | 576 ||| Stepping ~*~*~tactically~*~*~ (stealth).
   589 | D:2      | Reached XP level 4. HP: 28/28 MP: 4/4
   608 | D:2      | 608 ||| Stepping ~*~*~tactically~*~*~ (stealth).
   609 | D:2      | 609 ||| Stepping ~*~*~tactically~*~*~ (stealth).
   620 | D:2      | Found a faded altar of an unknown god.
   705 | D:2      | 705 ||| Stepping ~*~*~tactically~*~*~ (stealth).
   761 | D:2      | Reached skill level 4 in Axes
  1172 | D:2      | 1172 ||| UPGRADING to +0 pair of gloves.
  1286 | D:3      | HP: 4/28 [gnoll/+0 flail (4)]
  1287 | D:3      | 1287 ||| READING scroll of teleportation.
  1287 | D:3      | HP: 1/28 [gnoll/+0 spear (2)]
  1287 | D:3      | Slain by a gnoll

Levels and vault maps discovered:
D:1:      minmay_arrival_glassed_features, layout_rooms, minmay_tromino_i2
D:2:      layout_rooms, nicolae_ecumenical_snake_handling, grunt_ministairs_3,
          minmay_misc_feat_hallway, minmay_misc_feat_columns
D:3:      layout_rooms, chequers_serial_rivers_small_a

Skill      XL: |  1  2  3  4 |
---------------+-------------+-----
Axes           | 2 3 4 |  4.5
Fighting       | |  3.2
Armour         | |  3.2
Shields        | |  3.2

Action                     |  1- 3 |  4- 6 || total
---------------------------+-------+-------++-------
  Melee: War axe           |    83 |    68 ||   151
    Use: Scroll            |     4 |     1 ||     5
 Armour: Plate armour      |    59 |    68 ||   127
         Scale mail        |     7 |       ||     7
  Dodge: Dodged            |    33 |    25 ||    58
  Block: Buckler           |    22 |    16 ||    38

Table legend:
 A = Non-vault XP
 B = Vault XP
 C = Vault XP percentage of total XP
 D = Non-vault monster count
 E = Vault monster count
 F = Vault count percentage of total count
                 A         B        C        D         E       F
            +---------+---------+-------+---------+---------+-------
      Total |     142 |      19 |  11.8 |      52 |       8 |  13.3
            +---------+---------+-------+---------+---------+-------
        D:1 |      49 |      13 |  21.0 |      22 |       4 |  15.4
        D:2 |      60 |       6 |   9.1 |      24 |       4 |  14.3
        D:3 |      33 |       0 |   0.0 |       6 |       0 |   0.0
            +---------+---------+-------+---------+---------+-------
